Crunch vs Barracuda
Created - February 14, 2022 at 19:02
Goals
|
| Crunch |
0 |
0 |
2 |
2 |
| Barracuda |
5 |
2 |
1 |
8 |
|
Shots
|
| Crunch |
8 |
10 |
11 |
29 |
| Barracuda |
24 |
10 |
11 |
45 |
|
1st period
1. Barracuda , Emil Pettersson 10 (William Carrier 21) at 0:43
2. Barracuda , Brandon Kozun 11 (Alex Iafallo 15, David Shields 6) at 4:24 (PP)
3. Barracuda , William Carrier 19 (Emil Pettersson 12, Alex Iafallo 16) at 10:38
4. Barracuda , Alex Iafallo 11 (Sam Carrick 31, Brandon Kozun 18) at 17:09
5. Barracuda , Sam Carrick 14 (Brandon Kozun 19, Alex Iafallo 17) at 19:13
Penalties :
Matt Roy (Syr) for Interference (Minor) at 3:11
2nd period
6. Barracuda , Justin Shugg 5 (William Carrier 22, Emil Pettersson 13) at 11:00
7. Barracuda , Alex Iafallo 12 (Markus Nutivaara 21, Brandon Kozun 20) at 11:29 (PP)
Penalties :
Chris Wagner (S.J) for Hooking (Minor) at 0:41, Michael Ferland (Syr) for Hooking (Minor) at 11:18, Emil Pettersson (S.J) for Roughing (Double Minor) at 18:02
3rd period
8. Barracuda , Cole Ully 10 (Jerome Gauthier-Leduc 2) at 2:23
9. Crunch , Brock Boeser 16 (Jordan Oesterle 9, Anthony Cirelli 14) at 4:27 (PP)
10. Crunch , Teemu Hartikainen 11 (Noah Hanifin 18) at 14:33
Penalties :
Sam Carrick (S.J) for Interference (Minor) at 4:09, Alex Iafallo (S.J) for Fighting (Major) at 6:14, Teemu Hartikainen (Syr) for Fighting (Major) at 6:14, Mitch Callahan (Syr) for High sticking (Minor) at 7:31, Teemu Hartikainen (Syr) for Boarding (Minor) at 11:39, Jordan Oesterle (Syr) for Tripping (Minor) at 18:00
Goalie Stats
Kaapo Kahkonen (Syr), 18 saves from 21 shots - (0.857), 40:47 minutes
Josef Korenar (Syr), 19 saves from 24 shots - (0.792), L, 2-8-1, 19:13 minutes
Oscar Dansk (S.J), 27 saves from 29 shots - (0.931), W, 2-1-0, 60:00 minutes
Players Stats for Crunch
Player Name G A P +/- PIM S H SB GA TA FO MP PP MP PK MP
------------------------------------------------------------------------------------
Anatoli Golyshev 0 0 0 -1 0 0 0 0 0 1 1/1 10:28 0:00 0:00
Anthony Cirelli 0 1 1 -3 0 0 2 0 0 2 17/34 23:10 3:34 3:58
Brendan Guhle 0 0 0 -3 0 0 0 1 0 1 0/0 19:30 2:18 2:31
Brock Boeser 1 0 1 -3 0 1 0 0 1 0 0/1 20:07 3:34 1:03
Christoffer Ehn 0 0 0 -1 0 1 0 1 1 0 5/14 15:15 0:06 3:19
Dalton Smith 0 0 0 0 0 2 1 0 0 0 0/0 11:42 0:00 2:29
Dylan Strome 0 0 0 0 0 3 1 0 0 0 4/9 13:04 2:36 1:03
Jacob Larsson 0 0 0 0 0 0 0 2 0 0 0/0 4:37 0:00 0:00
Jared Staal 0 0 0 -1 0 2 3 2 0 0 0/1 13:46 2:42 0:00
Jayson Megna 0 0 0 -1 0 4 0 0 0 0 2/4 10:28 0:00 0:00
Jeremy Lauzon 0 0 0 -2 0 0 0 0 0 3 0/0 12:00 0:00 1:23
Jordan Oesterle 0 1 1 0 2 1 1 3 1 0 0/0 23:51 3:58 3:26
Matt Roy 0 0 0 -3 2 0 0 1 0 0 0/0 19:10 2:18 2:12
Max McCormick 0 0 0 -1 0 2 1 0 0 0 0/0 10:28 0:00 0:00
Michael Ferland 0 0 0 -1 2 3 1 0 1 0 0/0 14:59 2:42 1:03
Mitch Callahan 0 0 0 0 2 1 3 0 1 1 0/1 9:09 0:00 0:00
Noah Hanifin 0 1 1 0 0 2 1 3 0 1 0/0 29:33 3:58 4:30
Sean Walker 0 0 0 -2 0 1 0 0 0 0 0/0 11:16 0:00 0:40
Teemu Hartikainen 1 0 1 -3 7 6 1 0 1 0 2/2 19:59 3:34 1:47
Players Stats for Barracuda
Player Name G A P +/- PIM S H SB GA TA FO MP PP MP PK MP
------------------------------------------------------------------------------------
Alex Henriksson 0 0 0 0 0 1 1 1 0 0 0/0 7:22 0:21 0:56
Alex Iafallo 2 3 5 1 5 8 2 1 0 0 5/8 20:54 3:21 3:45
Brandon Kozun 1 3 4 1 0 2 3 0 1 1 3/5 20:39 4:10 1:35
Chris Wagner 0 0 0 1 2 1 2 0 0 0 0/0 11:14 0:21 0:40
Cole Ully 1 0 1 1 0 4 1 0 0 0 0/0 10:08 0:00 0:00
David Shields 0 1 1 2 0 3 0 1 0 1 0/0 20:55 2:49 2:43
Emil Pettersson 1 2 3 3 4 7 2 1 1 0 6/8 18:11 2:42 0:20
Jerome Gauthier-Leduc 0 1 1 2 0 1 1 2 0 0 0/0 10:37 0:00 0:00
Justin Shugg 1 0 1 3 0 1 0 1 0 0 0/0 17:42 2:42 0:00
Luca Sbisa 0 0 0 1 0 1 2 3 0 0 0/0 28:28 4:32 3:33
Mario Lucia 0 0 0 0 0 0 0 0 0 0 0/0 6:05 0:00 0:00
Markus Nutivaara 0 1 1 1 0 4 4 1 1 1 0/0 28:28 4:32 3:33
Noah Gregor 0 0 0 0 0 0 1 0 0 0 2/3 6:05 0:00 0:00
Robin Norell 0 0 0 2 0 1 1 1 0 1 0/0 10:37 0:00 0:00
Sam Carrick 1 1 2 1 2 4 0 0 1 1 16/34 22:43 4:07 3:27
Samuel Groulx 0 0 0 2 0 1 0 0 2 1 0/0 20:55 2:49 2:43
Tanner Jeannot 0 0 0 0 0 0 0 0 0 0 0/0 2:16 0:55 0:00
Theodor Blueger 0 0 0 1 0 0 2 0 0 0 3/7 11:04 0:42 0:14
William Carrier 1 2 3 3 0 6 1 1 3 0 1/2 19:17 2:42 1:35
3 Stars
1 - Brandon Kozun (S.J)
2 - Alex Iafallo (S.J)
3 - William Carrier (S.J)
Power Play
Crunch - 1 on 3 Attempt(s) - 33.33%
Barracuda - 2 on 6 Attempt(s) - 33.33%
Penalty Kill
Crunch - 4 on 6 Attempt(s) - 66.67%
- Score 0 goal in Penalty Kill
Barracuda - 2 on 3 Attempt(s) - 66.67%
- Score 0 goal in Penalty Kill
Team Stat
Crunch - Hits : 15 - Faceoff Wins : 31 - Blocked Shots : 13 - Penalty Minutes : 15
Barracuda - Hits : 23 - Faceoff Wins : 36 - Blocked Shots : 13 - Penalty Minutes : 13
Official
Referees : Brandon Blandina and Jean Hebert
Linesman : Kyle Flemington and Brandon Gawryletz
Game Notes
Kaapo Kahkonen enters game at 19:13 of 1st period
16:27 of 2nd period - Penalty Shot by Jeremy Lauzon for Crunch - Shot Misses the Net
Alex Iafallo beats up Teemu Hartikainen at 6:14 of 3rd period
Finance
Level 1 -- Attendance: 1826 (91.30%) -- Ticket Income $63,910
Level 2 -- Attendance: 963 (96.30%) -- Ticket Income $14,445
Total Attendance: 2789 (92.97%)
Total Ticket Income: $78,355
Other Income: $3,918
Total Income: $82,273
Crunch
5 vs 5 Forward
Center Left Wing Right Wing Time % Phy DF OF
1 Anthony Cirelli Teemu Hartikainen Brock Boeser 40 1 2 2
2 Christoffer Ehn Michael Ferland Jared Staal 30 1 2 2
3 Dylan Strome Dalton Smith Mitch Callahan 20 1 2 2
4 Jayson Megna Anatoli Golyshev Max McCormick 10 1 2 2
5 vs 5 Defense
Defense Defense Time % Phy DF OF
1 Noah Hanifin Jordan Oesterle 40 1 2 2
2 Brendan Guhle Matt Roy 30 1 2 2
3 Jeremy Lauzon Sean Walker 20 1 2 2
4 Jacob Larsson Noah Hanifin 10 1 2 2
PowerPlay Forward
Center Left Wing Right Wing Time % Phy DF OF
1 Anthony Cirelli Teemu Hartikainen Brock Boeser 60 1 2 2
2 Dylan Strome Michael Ferland Jared Staal 40 1 2 2
PowerPlay Defense
Defense Defense Time % Phy DF OF
1 Noah Hanifin Jordan Oesterle 60 1 2 2
2 Brendan Guhle Matt Roy 40 1 2 2
Penalty Kill 4 Players Forward
Center Wing Time % Phy DF OF
1 Anthony Cirelli Teemu Hartikainen 60 1 2 2
2 Christoffer Ehn Brock Boeser 40 1 2 2
Penalty Kill 4 Players Defense
Defense Defense Time % Phy DF OF
1 Noah Hanifin Jordan Oesterle 60 1 2 2
2 Brendan Guhle Matt Roy 40 1 2 2
Penalty Kill - 3 Players Forward
Forward Time % Phy DF OF
1 Anthony Cirelli 60 1 2 2
2 Christoffer Ehn 40 1 2 2
Penalty Kill - 3 Players Defense
Defense Defense Time % Phy DF OF
1 Noah Hanifin Jordan Oesterle 60 1 2 2
2 Brendan Guhle Matt Roy 40 1 2 2
4 vs 4 Forward
Center Wing Time % Phy DF OF
1 Anthony Cirelli Teemu Hartikainen 60 1 2 2
2 Dylan Strome Michael Ferland 40 1 2 2
4 vs 4 Defense
Defense Defense Time % Phy DF OF
1 Noah Hanifin Jordan Oesterle 60 1 2 2
2 Brendan Guhle Matt Roy 40 1 2 2
Last Minutes Offensive
Center Left Wing Right Wing Defense Defense
Anthony Cirelli Teemu Hartikainen Brock Boeser Noah Hanifin Jordan Oesterle
Last Minutes Defensive
Center Left Wing Right Wing Defense Defense
Christoffer Ehn Teemu Hartikainen Brock Boeser Noah Hanifin Jordan Oesterle
Goaltenders
Starting : Josef Korenar
Backup : Kaapo Kahkonen
Extra Forwards
Normal : Christoffer Ehn, Michael Ferland, Jared Staal - PP : Christoffer Ehn, Michael Ferland - PK : Christoffer Ehn
Extra Defensemen
Normal : Jeremy Lauzon, Sean Walker, Jacob Larsson - PP : Jeremy Lauzon - PK : Jeremy Lauzon, Sean Walker
Penalty Shots
Teemu Hartikainen, Brock Boeser, Jayson Megna, Anthony Cirelli, Christoffer Ehn
Scratches
Charles-Olivier Roussel (Healthy), Kyle Capobianco (Healthy), Michael Downing (Healthy), Connor Bunnaman (Healthy)
Barracuda
5 vs 5 Forward
Center Left Wing Right Wing Time % Phy DF OF
1 Sam Carrick Alex Iafallo Brandon Kozun 40 1 2 2
2 Emil Pettersson William Carrier Justin Shugg 30 1 2 2
3 Theodor Blueger Cole Ully Chris Wagner 20 1 2 2
4 Noah Gregor Alex Henriksson Mario Lucia 10 1 2 2
5 vs 5 Defense
Defense Defense Time % Phy DF OF
1 Markus Nutivaara Luca Sbisa 40 1 2 2
2 Samuel Groulx David Shields 30 1 2 2
3 Robin Norell Jerome Gauthier-Leduc 20 1 2 2
4 Markus Nutivaara Luca Sbisa 10 1 2 2
PowerPlay Forward
Center Left Wing Right Wing Time % Phy DF OF
1 Sam Carrick Alex Iafallo Brandon Kozun 60 1 2 2
2 Emil Pettersson William Carrier Justin Shugg 40 1 2 2
PowerPlay Defense
Defense Defense Time % Phy DF OF
1 Markus Nutivaara Luca Sbisa 60 1 2 2
2 Samuel Groulx David Shields 40 1 2 2
Penalty Kill 4 Players Forward
Center Wing Time % Phy DF OF
1 Alex Iafallo Sam Carrick 60 1 2 2
2 Brandon Kozun William Carrier 40 1 2 2
Penalty Kill 4 Players Defense
Defense Defense Time % Phy DF OF
1 Markus Nutivaara Luca Sbisa 60 1 2 2
2 Samuel Groulx David Shields 40 1 2 2
Penalty Kill - 3 Players Forward
Forward Time % Phy DF OF
1 Alex Iafallo 60 1 2 2
2 Sam Carrick 40 1 2 2
Penalty Kill - 3 Players Defense
Defense Defense Time % Phy DF OF
1 Markus Nutivaara Luca Sbisa 60 1 2 2
2 Samuel Groulx David Shields 40 1 2 2
4 vs 4 Forward
Center Wing Time % Phy DF OF
1 Alex Iafallo Sam Carrick 60 1 2 2
2 Brandon Kozun William Carrier 40 1 2 2
4 vs 4 Defense
Defense Defense Time % Phy DF OF
1 Markus Nutivaara Luca Sbisa 60 1 2 2
2 Samuel Groulx David Shields 40 1 2 2
Last Minutes Offensive
Center Left Wing Right Wing Defense Defense
Sam Carrick Alex Iafallo Brandon Kozun Markus Nutivaara Luca Sbisa
Last Minutes Defensive
Center Left Wing Right Wing Defense Defense
Sam Carrick Alex Iafallo Brandon Kozun Markus Nutivaara Luca Sbisa
Goaltenders
Starting : Oscar Dansk
Backup : Kevin Lankinen
Extra Forwards
Normal : Tanner Jeannot, Theodor Blueger, Chris Wagner - PP : Tanner Jeannot, Theodor Blueger - PK : Chris Wagner
Extra Defensemen
Normal : Robin Norell, Jerome Gauthier-Leduc, Samuel Groulx - PP : Robin Norell - PK : Jerome Gauthier-Leduc, Samuel Groulx
Penalty Shots
Alex Iafallo, Sam Carrick, Brandon Kozun, William Carrier, Emil Pettersson
Scratches
Alex Lintuniemi (Healthy), Arturs Kulda (Left Eye Injury), Thomas Gobeil (Healthy), Dennis Cholowski (Healthy), Joacim Eriksson (Healthy)
% Time on Ice - Crunch
Lines # - Real PCT - Wanted PCT - Time Play
Normal Forward
1 - 34% - 40% - 15:49
2 - 24% - 30% - 11:04
3 - 19% - 20% - 9:02
4 - 23% - 10% - 10:28
Normal Defense
1 - 36% - 40% - 16:28
2 - 32% - 30% - 14:41
3 - 23% - 20% - 10:37
4 - 10% - 10% - 4:37
PP Forward
1 - 57% - 60% - 3:34
2 - 43% - 40% - 2:42
PP Defense
1 - 63% - 60% - 3:58
2 - 37% - 40% - 2:18
PK Forward
1 - 86% - 60% - 6:18
2 - 14% - 40% - 1:03
PK Defense
1 - 66% - 60% - 4:50
2 - 34% - 40% - 2:31
PK3 Forward
1 - 0% - 60%
2 - 0% - 40%
PK3 Defense
1 - 0% - 60%
2 - 0% - 40%
44 Forward
1 - 0% - 60%
2 - 0% - 40%
44 Defense
1 - 0% - 60%
2 - 0% - 40%
Last Minute Offensive - 0:00
Last Minute Defensive - 0:00
Total
Forward - 60:00
Defense - 60:00
|
% Time on Ice - Barracuda
Lines # - Real PCT - Wanted PCT - Time Play
Normal Forward
1 - 33% - 40% - 15:10
2 - 32% - 30% - 15:00
3 - 22% - 20% - 10:08
4 - 13% - 10% - 6:05
Normal Defense
1 - 39% - 40% - 18:05
2 - 33% - 30% - 15:23
3 - 23% - 20% - 10:37
4 - 5% - 10% - 2:18
PP Forward
1 - 63% - 60% - 4:39
2 - 37% - 40% - 2:42
PP Defense
1 - 62% - 60% - 4:32
2 - 38% - 40% - 2:49
PK Forward
1 - 75% - 60% - 4:41
2 - 25% - 40% - 1:35
PK Defense
1 - 57% - 60% - 3:33
2 - 43% - 40% - 2:43
PK3 Forward
1 - 0% - 60%
2 - 0% - 40%
PK3 Defense
1 - 0% - 60%
2 - 0% - 40%
44 Forward
1 - 0% - 60%
2 - 0% - 40%
44 Defense
1 - 0% - 60%
2 - 0% - 40%
Last Minute Offensive - 0:00
Last Minute Defensive - 0:00
Total
Forward - 60:00
Defense - 60:00
|
Play-by-Play
1st period
0:01 of 1st period - Sam Carrick wins face-off versus Anthony Cirelli in neutral zone.
0:24 of 1st period - Icing by Markus Nutivaara.
0:25 of 1st period - Emil Pettersson wins face-off versus Christoffer Ehn in Barracuda zone.
0:27 of 1st period - Icing by Justin Shugg.
0:28 of 1st period - Emil Pettersson wins face-off versus Christoffer Ehn in Barracuda zone.
0:43 of 1st period - Snap shot by Emil Pettersson.
0:43 of 1st period - Goal by Emil Pettersson - Crunch : 0 - Barracuda : 1.
0:44 of 1st period - Theodor Blueger wins face-off versus Dylan Strome in neutral zone.
0:51 of 1st period - Slapshot by Dylan Strome.
0:51 of 1st period - Stopped by Oscar Dansk with a rebound.
1:37 of 1st period - Off-side.
1:38 of 1st period - Anthony Cirelli wins face-off versus Sam Carrick in neutral zone.
1:43 of 1st period - Snap shot by Teemu Hartikainen.
1:43 of 1st period - Shot Misses the Net.
2:09 of 1st period - Wrist shot by Alex Iafallo.
2:09 of 1st period - Stopped by Josef Korenar with a rebound.
2:11 of 1st period - Snap shot by Alex Iafallo.
2:11 of 1st period - Stopped by Josef Korenar with a rebound.
2:47 of 1st period - Wrist shot by Alex Iafallo.
2:47 of 1st period - Shot Blocked by Jordan Oesterle.
2:49 of 1st period - Snap shot by David Shields.
2:49 of 1st period - Stopped by Josef Korenar without a rebound.
2:50 of 1st period - William Carrier wins face-off versus Christoffer Ehn in Crunch zone.
3:11 of 1st period - Minor Penalty to Matt Roy for Interference.
3:12 of 1st period - Emil Pettersson wins face-off versus Anthony Cirelli in Crunch zone.
3:30 of 1st period - Icing by Markus Nutivaara.
3:31 of 1st period - Christoffer Ehn wins face-off versus Sam Carrick in Barracuda zone.
3:36 of 1st period - Slapshot by Christoffer Ehn.
3:36 of 1st period - Stopped by Oscar Dansk without a rebound.
3:37 of 1st period - Christoffer Ehn wins face-off versus Sam Carrick in Barracuda zone.
4:04 of 1st period - Teemu Hartikainen is hit by Brandon Kozun.
4:12 of 1st period - Slapshot by Alex Iafallo.
4:12 of 1st period - Shot Misses the Net.
4:14 of 1st period - Wrist shot by David Shields.
4:14 of 1st period - Shot Misses the Net.
4:16 of 1st period - Snap shot by Sam Carrick.
4:16 of 1st period - Shot Blocked by Jordan Oesterle.
4:18 of 1st period - Slapshot by David Shields.
4:18 of 1st period - Shot Misses the Net.
4:20 of 1st period - Snap shot by Alex Iafallo.
4:20 of 1st period - Stopped by Josef Korenar with a rebound.
4:22 of 1st period - Slapshot by Alex Iafallo.
4:22 of 1st period - Shot Blocked by Noah Hanifin.
4:24 of 1st period - Snap shot by Brandon Kozun.
4:24 of 1st period - Goal by Brandon Kozun - Crunch : 0 - Barracuda : 2.
4:25 of 1st period - Emil Pettersson wins face-off versus Jared Staal in neutral zone.
5:37 of 1st period - Snap shot by Alex Iafallo.
5:37 of 1st period - Stopped by Josef Korenar with a rebound.
5:39 of 1st period - Slapshot by Robin Norell.
5:39 of 1st period - Stopped by Josef Korenar without a rebound.
5:40 of 1st period - Emil Pettersson wins face-off versus Christoffer Ehn in Crunch zone.
5:47 of 1st period - Slapshot by Markus Nutivaara.
5:47 of 1st period - Deflect By Jordan Oesterle.
5:47 of 1st period - Stopped by Josef Korenar with a rebound.
6:20 of 1st period - Dalton Smith is hit by Luca Sbisa and loses puck.
6:56 of 1st period - Wrist shot by Jayson Megna.
6:56 of 1st period - Shot Blocked by David Shields.
8:38 of 1st period - Snap shot by Brandon Kozun.
8:38 of 1st period - Deflect By Alex Iafallo.
8:38 of 1st period - Stopped by Josef Korenar with a rebound.
8:55 of 1st period - Wrist shot by William Carrier.
8:55 of 1st period - Deflect By Teemu Hartikainen.
8:55 of 1st period - Shot Misses the Net.
8:55 of 1st period - Puck is out of play.
8:56 of 1st period - Christoffer Ehn wins face-off versus Emil Pettersson in Crunch zone.
9:23 of 1st period - Jeremy Lauzon is hit by Brandon Kozun and loses puck.
9:46 of 1st period - Snap shot by Jayson Megna.
9:46 of 1st period - Shot Misses the Net.
9:48 of 1st period - Slapshot by Jeremy Lauzon.
9:48 of 1st period - Deflect By Max McCormick.
9:48 of 1st period - Shot Blocked by Luca Sbisa.
9:48 of 1st period - Puck is out of play.
9:49 of 1st period - Jayson Megna wins face-off versus William Carrier in Barracuda zone.
10:02 of 1st period - Backhand shot by Jayson Megna.
10:02 of 1st period - Stopped by Oscar Dansk without a rebound.
10:03 of 1st period - Christoffer Ehn wins face-off versus Sam Carrick in Barracuda zone.
10:36 of 1st period - Slapshot by Emil Pettersson.
10:36 of 1st period - Stopped by Josef Korenar with a rebound.
10:38 of 1st period - Wrist shot by William Carrier.
10:38 of 1st period - Goal by William Carrier - Crunch : 0 - Barracuda : 3.
10:39 of 1st period - Sam Carrick wins face-off versus Christoffer Ehn in neutral zone.
10:54 of 1st period - Snap shot by Sam Carrick.
10:54 of 1st period - Shot Misses the Net.
11:54 of 1st period - Dylan Strome is hit by Alex Iafallo and loses puck.
12:15 of 1st period - Brendan Guhle is hit by Robin Norell and loses puck.
13:01 of 1st period - Slapshot by Jayson Megna.
13:01 of 1st period - Stopped by Oscar Dansk with a rebound.
13:03 of 1st period - Snap shot by Max McCormick.
13:03 of 1st period - Shot Blocked by William Carrier.
13:05 of 1st period - Wrist shot by Max McCormick.
13:05 of 1st period - Stopped by Oscar Dansk with a rebound.
13:07 of 1st period - Slapshot by Jeremy Lauzon.
13:07 of 1st period - Shot Blocked by Luca Sbisa.
13:09 of 1st period - Snap shot by Max McCormick.
13:09 of 1st period - Deflect By Markus Nutivaara.
13:09 of 1st period - Stopped by Oscar Dansk with a rebound.
13:11 of 1st period - Slapshot by Sean Walker.
13:11 of 1st period - Shot Blocked by Markus Nutivaara.
14:27 of 1st period - Slapshot by Noah Hanifin.
14:27 of 1st period - Shot Blocked by Emil Pettersson.
15:55 of 1st period - Snap shot by William Carrier.
15:55 of 1st period - Shot Blocked by Jacob Larsson.
15:57 of 1st period - Slapshot by David Shields.
15:57 of 1st period - Stopped by Josef Korenar with a rebound.
16:01 of 1st period - Wrist shot by William Carrier.
16:01 of 1st period - Stopped by Josef Korenar with a rebound.
16:15 of 1st period - Snap shot by William Carrier.
16:15 of 1st period - Stopped by Josef Korenar with a rebound.
16:17 of 1st period - Slapshot by David Shields.
16:17 of 1st period - Shot Blocked by Jacob Larsson.
16:19 of 1st period - Slapshot by Emil Pettersson.
16:19 of 1st period - Shot Blocked by Noah Hanifin.
16:21 of 1st period - Snap shot by Emil Pettersson.
16:21 of 1st period - Stopped by Josef Korenar with a rebound.
16:49 of 1st period - Wrist shot by Emil Pettersson.
16:49 of 1st period - Stopped by Josef Korenar with a rebound.
16:51 of 1st period - Snap shot by William Carrier.
16:51 of 1st period - Stopped by Josef Korenar with a rebound.
16:53 of 1st period - Slapshot by David Shields.
16:53 of 1st period - Stopped by Josef Korenar with a rebound.
16:55 of 1st period - Snap shot by William Carrier.
16:55 of 1st period - Stopped by Josef Korenar without a rebound.
16:56 of 1st period - Sam Carrick wins face-off versus Anthony Cirelli in Crunch zone.
17:09 of 1st period - Snap shot by Alex Iafallo.
17:09 of 1st period - Goal by Alex Iafallo - Crunch : 0 - Barracuda : 4.
17:10 of 1st period - Anthony Cirelli wins face-off versus Sam Carrick in neutral zone.
17:13 of 1st period - Wrist shot by Teemu Hartikainen.
17:13 of 1st period - Stopped by Oscar Dansk with a rebound.
17:53 of 1st period - Matt Roy is hit by Chris Wagner and loses puck.
18:59 of 1st period - Wrist shot by Cole Ully.
18:59 of 1st period - Stopped by Josef Korenar without a rebound.
19:00 of 1st period - Anthony Cirelli wins face-off versus Sam Carrick in Crunch zone.
19:11 of 1st period - Wrist shot by Brandon Kozun.
19:11 of 1st period - Deflect By Sam Carrick.
19:11 of 1st period - Stopped by Josef Korenar with a rebound.
19:13 of 1st period - Snap shot by Sam Carrick.
19:13 of 1st period - Goal by Sam Carrick - Crunch : 0 - Barracuda : 5.
19:13 of 1st period - Kaapo Kahkonen enters game.
19:14 of 1st period - Anthony Cirelli wins face-off versus Sam Carrick in neutral zone.
19:23 of 1st period - Wrist shot by Brock Boeser.
19:23 of 1st period - Shot Misses the Net.
19:25 of 1st period - Snap shot by Teemu Hartikainen.
19:25 of 1st period - Stopped by Oscar Dansk with a rebound.
19:56 of 1st period - Icing by Brock Boeser.
19:57 of 1st period - Dylan Strome wins face-off versus Sam Carrick in Crunch zone.
Goals for this period are 0 for Crunch vs 5 for Barracuda.
Shots for this period are 8 for Crunch vs 24 for Barracuda.
2nd period
0:01 of 2nd period - Anthony Cirelli wins face-off versus Sam Carrick in neutral zone.
0:41 of 2nd period - Minor Penalty to Chris Wagner for Hooking.
0:42 of 2nd period - Anthony Cirelli wins face-off versus Alex Iafallo in Barracuda zone.
1:56 of 2nd period - Icing by Dylan Strome.
1:57 of 2nd period - Dylan Strome wins face-off versus Emil Pettersson in Crunch zone.
2:41 of 2nd period - Penalty to Chris Wagner is over, Chris Wagner is back on ice.
3:13 of 2nd period - Alex Henriksson is hit by Max McCormick and loses puck.
3:39 of 2nd period - Icing by Noah Gregor.
3:40 of 2nd period - Noah Gregor wins face-off versus Anthony Cirelli in Barracuda zone.
3:55 of 2nd period - Snap shot by Teemu Hartikainen.
3:55 of 2nd period - Stopped by Oscar Dansk with a rebound.
4:12 of 2nd period - Snap shot by Dalton Smith.
4:12 of 2nd period - Stopped by Oscar Dansk without a rebound.
4:13 of 2nd period - Teemu Hartikainen wins face-off versus Brandon Kozun in Barracuda zone.
4:34 of 2nd period - Teemu Hartikainen is hit by Alex Iafallo and loses puck.
4:54 of 2nd period - Icing by Markus Nutivaara.
4:55 of 2nd period - Sam Carrick wins face-off versus Christoffer Ehn in Barracuda zone.
4:55 of 2nd period - Sam Carrick is hit by Jared Staal.
5:11 of 2nd period - Slapshot by Alex Iafallo.
5:11 of 2nd period - Stopped by Kaapo Kahkonen with a rebound.
5:49 of 2nd period - Snap shot by Jared Staal.
5:49 of 2nd period - Stopped by Oscar Dansk without a rebound.
5:50 of 2nd period - Anthony Cirelli wins face-off versus Theodor Blueger in Barracuda zone.
5:51 of 2nd period - Wrist shot by Teemu Hartikainen.
5:51 of 2nd period - Shot Misses the Net.
5:53 of 2nd period - Snap shot by Brock Boeser.
5:53 of 2nd period - Shot Blocked by Jerome Gauthier-Leduc.
5:55 of 2nd period - Wrist shot by Anthony Cirelli.
5:55 of 2nd period - Shot Blocked by Jerome Gauthier-Leduc.
6:01 of 2nd period - Wrist shot by Brock Boeser.
6:01 of 2nd period - Shot Misses the Net.
6:03 of 2nd period - Wrist shot by Brock Boeser.
6:03 of 2nd period - Shot Misses the Net.
6:21 of 2nd period - Jeremy Lauzon is hit by Cole Ully and loses puck.
7:07 of 2nd period - Jordan Oesterle is hit by Noah Gregor and loses puck.
7:54 of 2nd period - Icing by Michael Ferland.
7:55 of 2nd period - Theodor Blueger wins face-off versus Jayson Megna in Crunch zone.
8:18 of 2nd period - Teemu Hartikainen is hit by Luca Sbisa.
8:35 of 2nd period - Off-side.
8:36 of 2nd period - Noah Gregor wins face-off versus Christoffer Ehn in neutral zone.
8:43 of 2nd period - Wrist shot by Alex Henriksson.
8:43 of 2nd period - Stopped by Kaapo Kahkonen with a rebound.
8:59 of 2nd period - Jordan Oesterle is hit by Jerome Gauthier-Leduc and loses puck.
9:08 of 2nd period - Snap shot by Alex Henriksson.
9:08 of 2nd period - Shot Blocked by Jordan Oesterle.
9:12 of 2nd period - Slapshot by Alex Henriksson.
9:12 of 2nd period - Deflect By Mario Lucia.
9:12 of 2nd period - Shot Misses the Net.
9:12 of 2nd period - Puck is out of play.
9:13 of 2nd period - Sam Carrick wins face-off versus Anthony Cirelli in Crunch zone.
10:24 of 2nd period - Sean Walker is hit by William Carrier and loses puck.
10:58 of 2nd period - Wrist shot by William Carrier.
10:58 of 2nd period - Shot Misses the Net.
11:00 of 2nd period - Snap shot by Justin Shugg.
11:00 of 2nd period - Goal by Justin Shugg - Crunch : 0 - Barracuda : 6.
11:01 of 2nd period - Sam Carrick wins face-off versus Christoffer Ehn in neutral zone.
11:10 of 2nd period - Sam Carrick is hit by Michael Ferland and loses puck.
11:18 of 2nd period - Minor Penalty to Michael Ferland for Hooking.
11:19 of 2nd period - Alex Iafallo wins face-off versus Anthony Cirelli in Crunch zone.
11:21 of 2nd period - Wrist shot by Sam Carrick.
11:21 of 2nd period - Stopped by Kaapo Kahkonen with a rebound.
11:23 of 2nd period - Wrist shot by Brandon Kozun.
11:23 of 2nd period - Shot Misses the Net.
11:25 of 2nd period - Wrist shot by Alex Iafallo.
11:25 of 2nd period - Shot Misses the Net.
11:27 of 2nd period - Slapshot by Markus Nutivaara.
11:27 of 2nd period - Shot Misses the Net.
11:29 of 2nd period - Snap shot by Alex Iafallo.
11:29 of 2nd period - Goal by Alex Iafallo - Crunch : 0 - Barracuda : 7.
11:30 of 2nd period - Sam Carrick wins face-off versus Anthony Cirelli in neutral zone.
11:55 of 2nd period - Theodor Blueger is hit by Dylan Strome.
11:59 of 2nd period - Noah Hanifin is hit by Theodor Blueger and loses puck.
12:06 of 2nd period - Samuel Groulx is hit by Jordan Oesterle and loses puck.
12:21 of 2nd period - Wrist shot by Emil Pettersson.
12:21 of 2nd period - Stopped by Kaapo Kahkonen with a rebound.
12:23 of 2nd period - Backhand shot by William Carrier.
12:23 of 2nd period - Shot Blocked by Jared Staal.
12:25 of 2nd period - Slapshot by Emil Pettersson.
12:25 of 2nd period - Deflect By William Carrier.
12:25 of 2nd period - Shot Blocked by Christoffer Ehn.
12:25 of 2nd period - Puck is out of play.
12:26 of 2nd period - Sam Carrick wins face-off versus Anthony Cirelli in Crunch zone.
12:51 of 2nd period - Jerome Gauthier-Leduc is hit by Mitch Callahan and loses puck.
13:00 of 2nd period - Slapshot by Markus Nutivaara.
13:00 of 2nd period - Stopped by Kaapo Kahkonen with a rebound.
13:14 of 2nd period - Slapshot by Michael Ferland.
13:14 of 2nd period - Stopped by Oscar Dansk with a rebound.
13:16 of 2nd period - Snap shot by Michael Ferland.
13:16 of 2nd period - Stopped by Oscar Dansk with a rebound.
13:18 of 2nd period - Wrist shot by Christoffer Ehn.
13:18 of 2nd period - Shot Blocked by Justin Shugg.
13:36 of 2nd period - Slapshot by Markus Nutivaara.
13:36 of 2nd period - Deflect By Jayson Megna.
13:36 of 2nd period - Stopped by Kaapo Kahkonen with a rebound.
13:38 of 2nd period - Slapshot by Markus Nutivaara.
13:38 of 2nd period - Stopped by Kaapo Kahkonen without a rebound.
13:39 of 2nd period - Anthony Cirelli wins face-off versus Sam Carrick in Crunch zone.
14:35 of 2nd period - Wrist shot by Jared Staal.
14:35 of 2nd period - Shot Blocked by Robin Norell.
14:37 of 2nd period - Slapshot by Sean Walker.
14:37 of 2nd period - Stopped by Oscar Dansk without a rebound.
14:38 of 2nd period - Christoffer Ehn wins face-off versus Sam Carrick in Barracuda zone.
14:41 of 2nd period - Wrist shot by Jared Staal.
14:41 of 2nd period - Stopped by Oscar Dansk without a rebound.
14:42 of 2nd period - Dylan Strome wins face-off versus Sam Carrick in Barracuda zone.
14:47 of 2nd period - Snap shot by Mitch Callahan.
14:47 of 2nd period - Stopped by Oscar Dansk without a rebound.
14:48 of 2nd period - Sam Carrick wins face-off versus Dylan Strome in Barracuda zone.
15:15 of 2nd period - Slapshot by Cole Ully.
15:15 of 2nd period - Shot Blocked by Brendan Guhle.
15:43 of 2nd period - Slapshot by Luca Sbisa.
15:43 of 2nd period - Stopped by Kaapo Kahkonen with a rebound.
15:51 of 2nd period - Jared Staal is hit by Markus Nutivaara and loses puck.
16:05 of 2nd period - Off-side.
16:06 of 2nd period - Dylan Strome wins face-off versus Sam Carrick in neutral zone.
16:27 of 2nd period - Penalty Shot by Jeremy Lauzon for Crunch.
16:27 of 2nd period - Deke by Jeremy Lauzon.
16:27 of 2nd period - Shot Misses the Net.
16:28 of 2nd period - Anthony Cirelli wins face-off versus Theodor Blueger in Crunch zone.
16:37 of 2nd period - Jerome Gauthier-Leduc is hit by Teemu Hartikainen and loses puck.
16:59 of 2nd period - Wrist shot by Michael Ferland.
16:59 of 2nd period - Stopped by Oscar Dansk with a rebound.
17:01 of 2nd period - Wrist shot by Noah Hanifin.
17:01 of 2nd period - Deflect By Sam Carrick.
17:01 of 2nd period - Stopped by Oscar Dansk with a rebound.
17:10 of 2nd period - Icing by Brandon Kozun.
17:11 of 2nd period - Emil Pettersson wins face-off versus Mitch Callahan in Barracuda zone.
17:30 of 2nd period - David Shields is hit by Dalton Smith and loses puck.
18:02 of 2nd period - Double Minor Penalty to Emil Pettersson for Roughing.
18:03 of 2nd period - Alex Iafallo wins face-off versus Brock Boeser in Barracuda zone.
18:28 of 2nd period - Markus Nutivaara is hit by Jared Staal and loses puck.
Goals for this period are 0 for Crunch vs 2 for Barracuda.
Shots for this period are 10 for Crunch vs 10 for Barracuda.
3rd period
0:01 of 3rd period - Anthony Cirelli wins face-off versus Alex Iafallo in neutral zone.
0:12 of 3rd period - Slapshot by Teemu Hartikainen.
0:12 of 3rd period - Shot Misses the Net.
0:14 of 3rd period - Slapshot by Anthony Cirelli.
0:14 of 3rd period - Shot Misses the Net.
0:16 of 3rd period - Snap shot by Teemu Hartikainen.
0:16 of 3rd period - Shot Misses the Net.
0:34 of 3rd period - Slapshot by Brendan Guhle.
0:34 of 3rd period - Deflect By Dylan Strome.
0:34 of 3rd period - Stopped by Oscar Dansk without a rebound.
0:35 of 3rd period - Brandon Kozun wins face-off versus Dylan Strome in Barracuda zone.
0:50 of 3rd period - Slapshot by Brandon Kozun.
0:50 of 3rd period - Stopped by Kaapo Kahkonen with a rebound.
0:52 of 3rd period - Snap shot by Brandon Kozun.
0:52 of 3rd period - Deflect By Michael Ferland.
0:52 of 3rd period - Shot Blocked by Matt Roy.
0:52 of 3rd period - Puck is out of play.
0:53 of 3rd period - Alex Iafallo wins face-off versus Anthony Cirelli in Crunch zone.
1:02 of 3rd period - Slapshot by Teemu Hartikainen.
1:02 of 3rd period - Stopped by Oscar Dansk with a rebound.
1:04 of 3rd period - Snap shot by Anthony Cirelli.
1:04 of 3rd period - Shot Blocked by Alex Iafallo.
1:06 of 3rd period - Slapshot by Jordan Oesterle.
1:06 of 3rd period - Deflect By Teemu Hartikainen.
1:06 of 3rd period - Stopped by Oscar Dansk with a rebound.
1:08 of 3rd period - Slapshot by Brock Boeser.
1:08 of 3rd period - Deflect By Teemu Hartikainen.
1:08 of 3rd period - Shot Blocked by Luca Sbisa.
1:08 of 3rd period - Puck is out of play.
1:09 of 3rd period - Alex Iafallo wins face-off versus Anthony Cirelli in Barracuda zone.
1:20 of 3rd period - Markus Nutivaara is hit by Anthony Cirelli and loses puck.
2:02 of 3rd period - Penalty to Emil Pettersson is over, Emil Pettersson is back on ice.
2:23 of 3rd period - Snap shot by Cole Ully.
2:23 of 3rd period - Goal by Cole Ully - Crunch : 0 - Barracuda : 8.
2:24 of 3rd period - Teemu Hartikainen wins face-off versus Theodor Blueger in neutral zone.
2:39 of 3rd period - Slapshot by Chris Wagner.
2:39 of 3rd period - Stopped by Kaapo Kahkonen with a rebound.
2:49 of 3rd period - Brock Boeser is hit by Emil Pettersson and loses puck.
2:56 of 3rd period - Snap shot by Emil Pettersson.
2:56 of 3rd period - Shot Blocked by Noah Hanifin.
2:58 of 3rd period - Wrist shot by William Carrier.
2:58 of 3rd period - Shot Misses the Net.
3:00 of 3rd period - Wrist shot by William Carrier.
3:00 of 3rd period - Stopped by Kaapo Kahkonen with a rebound.
3:02 of 3rd period - Slapshot by Samuel Groulx.
3:02 of 3rd period - Stopped by Kaapo Kahkonen with a rebound.
3:39 of 3rd period - Off-side.
3:40 of 3rd period - Theodor Blueger wins face-off versus Dylan Strome in neutral zone.
3:43 of 3rd period - Slapshot by Markus Nutivaara.
3:43 of 3rd period - Shot Misses the Net.
3:51 of 3rd period - Luca Sbisa is hit by Mitch Callahan and loses puck.
4:09 of 3rd period - Minor Penalty to Sam Carrick for Interference.
4:10 of 3rd period - Alex Iafallo wins face-off versus Anthony Cirelli in Barracuda zone.
4:19 of 3rd period - Icing by Noah Hanifin.
4:20 of 3rd period - Anthony Cirelli wins face-off versus Alex Iafallo in Crunch zone.
4:25 of 3rd period - Slapshot by Jordan Oesterle.
4:25 of 3rd period - Stopped by Oscar Dansk with a rebound.
4:27 of 3rd period - Wrist shot by Brock Boeser.
4:27 of 3rd period - Goal by Brock Boeser - Crunch : 1 - Barracuda : 8.
4:28 of 3rd period - Sam Carrick wins face-off versus Anthony Cirelli in neutral zone.
4:31 of 3rd period - Teemu Hartikainen is hit by Markus Nutivaara.
4:41 of 3rd period - Brandon Kozun is hit by Noah Hanifin and loses puck.
4:54 of 3rd period - Theodor Blueger is hit by Jared Staal and loses puck.
5:47 of 3rd period - Snap shot by Anatoli Golyshev.
5:47 of 3rd period - Deflect By Jayson Megna.
5:47 of 3rd period - Shot Blocked by Alex Henriksson.
5:47 of 3rd period - Puck is out of play.
5:48 of 3rd period - Sam Carrick wins face-off versus Anthony Cirelli in Barracuda zone.
6:01 of 3rd period - Slapshot by Noah Hanifin.
6:01 of 3rd period - Deflect By Brandon Kozun.
6:01 of 3rd period - Stopped by Oscar Dansk without a rebound.
6:02 of 3rd period - Anthony Cirelli wins face-off versus Sam Carrick in Barracuda zone.
6:14 of 3rd period - Alex Iafallo beats up Teemu Hartikainen.
6:14 of 3rd period - Penalty to Alex Iafallo for Fighting.
6:14 of 3rd period - Penalty to Teemu Hartikainen for Fighting.
6:15 of 3rd period - Sam Carrick wins face-off versus Anthony Cirelli in Crunch zone.
6:24 of 3rd period - Slapshot by Noah Hanifin.
6:24 of 3rd period - Shot Misses the Net.
6:26 of 3rd period - Wrist shot by Christoffer Ehn.
6:26 of 3rd period - Shot Misses the Net.
6:40 of 3rd period - Dalton Smith is hit by Emil Pettersson and loses puck.
6:49 of 3rd period - Snap shot by Emil Pettersson.
6:49 of 3rd period - Stopped by Kaapo Kahkonen without a rebound.
6:50 of 3rd period - Sam Carrick wins face-off versus Anthony Cirelli in Crunch zone.
7:25 of 3rd period - Snap shot by Emil Pettersson.
7:25 of 3rd period - Stopped by Kaapo Kahkonen with a rebound.
7:31 of 3rd period - Minor Penalty to Mitch Callahan for High sticking.
7:32 of 3rd period - Anthony Cirelli wins face-off versus Sam Carrick in Crunch zone.
9:11 of 3rd period - Noah Hanifin is hit by Alex Henriksson.
9:15 of 3rd period - Jordan Oesterle is hit by Chris Wagner and loses puck.
9:31 of 3rd period - Penalty to Mitch Callahan is over, Mitch Callahan is back on ice.
9:38 of 3rd period - Wrist shot by Dalton Smith.
9:38 of 3rd period - Stopped by Oscar Dansk without a rebound.
9:39 of 3rd period - Anatoli Golyshev wins face-off versus Noah Gregor in Barracuda zone.
9:42 of 3rd period - Wrist shot by Jayson Megna.
9:42 of 3rd period - Stopped by Oscar Dansk without a rebound.
9:43 of 3rd period - Sam Carrick wins face-off versus Jayson Megna in Barracuda zone.
9:56 of 3rd period - Slapshot by Jayson Megna.
9:56 of 3rd period - Stopped by Oscar Dansk with a rebound.
11:14 of 3rd period - Max McCormick is hit by Brandon Kozun and loses puck.
11:39 of 3rd period - Minor Penalty to Teemu Hartikainen for Boarding.
11:40 of 3rd period - Brandon Kozun wins face-off versus Anthony Cirelli in Crunch zone.
11:40 of 3rd period - Snap shot by Alex Iafallo.
11:40 of 3rd period - Shot Hit the Post.
12:29 of 3rd period - Icing by Sam Carrick.
12:30 of 3rd period - Sam Carrick wins face-off versus Christoffer Ehn in Barracuda zone.
13:39 of 3rd period - Penalty to Teemu Hartikainen is over, Teemu Hartikainen is back on ice.
13:47 of 3rd period - Wrist shot by Theodor Blueger.
13:47 of 3rd period - Shot Misses the Net.
13:49 of 3rd period - Slapshot by Jerome Gauthier-Leduc.
13:49 of 3rd period - Stopped by Kaapo Kahkonen without a rebound.
13:50 of 3rd period - Jayson Megna wins face-off versus Theodor Blueger in Crunch zone.
14:21 of 3rd period - Snap shot by Cole Ully.
14:21 of 3rd period - Stopped by Kaapo Kahkonen without a rebound.
14:22 of 3rd period - Anthony Cirelli wins face-off versus Brandon Kozun in Crunch zone.
14:33 of 3rd period - Slapshot by Teemu Hartikainen.
14:33 of 3rd period - Goal by Teemu Hartikainen - Crunch : 2 - Barracuda : 8.
14:34 of 3rd period - Anthony Cirelli wins face-off versus Sam Carrick in neutral zone.
14:43 of 3rd period - Wrist shot by Brock Boeser.
14:43 of 3rd period - Shot Misses the Net.
16:23 of 3rd period - Brendan Guhle is hit by Markus Nutivaara and loses puck.
16:42 of 3rd period - Snap shot by Dylan Strome.
16:42 of 3rd period - Stopped by Oscar Dansk without a rebound.
16:43 of 3rd period - Sam Carrick wins face-off versus Dylan Strome in Barracuda zone.
16:43 of 3rd period - Sam Carrick is hit by Mitch Callahan.
16:51 of 3rd period - Wrist shot by Sam Carrick.
16:51 of 3rd period - Shot Misses the Net.
16:53 of 3rd period - Backhand shot by Sam Carrick.
16:53 of 3rd period - Stopped by Kaapo Kahkonen without a rebound.
16:54 of 3rd period - Anthony Cirelli wins face-off versus Sam Carrick in Crunch zone.
17:08 of 3rd period - Alex Iafallo is hit by Anthony Cirelli and loses puck.
17:30 of 3rd period - Wrist shot by Emil Pettersson.
17:30 of 3rd period - Shot Blocked by Jared Staal.
17:52 of 3rd period - Snap shot by Theodor Blueger.
17:52 of 3rd period - Shot Misses the Net.
17:56 of 3rd period - Wrist shot by Cole Ully.
17:56 of 3rd period - Stopped by Kaapo Kahkonen without a rebound.
17:57 of 3rd period - Anthony Cirelli wins face-off versus Sam Carrick in Crunch zone.
17:57 of 3rd period - Anthony Cirelli is hit by Markus Nutivaara.
18:00 of 3rd period - Minor Penalty to Jordan Oesterle for Tripping.
18:01 of 3rd period - Brandon Kozun wins face-off versus Anthony Cirelli in Crunch zone.
19:55 of 3rd period - Jeremy Lauzon is hit by Theodor Blueger and loses puck.
0:00 - Penalty to Jordan Oesterle is over, Jordan Oesterle is back on ice.
Goals for this period are 2 for Crunch vs 1 for Barracuda.
Shots for this period are 11 for Crunch vs 11 for Barracuda.